 Dungeon Crawl Stone Soup version 0.31-a0-83-gbff143cfd1 (webtiles) character file.

Game seed: 18306402803711649348

5 Esekla the Sneak (level 1, -13/16 HPs)
             Began as an Octopode Delver on May 24, 2023.
             Mangled by an iguana (15 damage)
             ... on level 5 of the Dungeon.
             The game lasted 00:01:29 (253 turns).

Esekla the Sneak (Octopode Delver)                   Turns: 253, Time: 00:01:30

Health: -13/16     AC:  1    Str: 11    XL:     1   Next: 80%
Magic:  1/1        EV: 13    Int: 12    God:
Gold:   23         SH:  0    Dex: 13    Spells: 0/0 levels left

rFire   . . .        a - +0 falchion
rCold   . . .        (no shield)
rNeg    . . .        (helmet restricted)
rPois   .            (no amulet)
rElec   .            (no ring)
rCorr   .            (no ring)
SInv    .            (no ring)
Will    .....        (no ring)
Stlth   ++++         (no ring)
HPRegen 0.22/turn    (no ring)
MPRegen 0.07/turn    (no ring)
                     (no ring)

%: no passive effects
@: no status effects
A: almost no armour, amphibious, 8 rings, camouflage 1, gelatinous body 1,
(nimble swimmer 1), tentacles
a: no special abilities


You were on level 5 of the Dungeon.
You visited 1 branch of the dungeon, and saw 1 of its levels.

You collected 23 gold pieces.

Inventory:

Hand Weapons
 a - a +0 falchion (weapon)
Wands
 f - a wand of digging (3)
Scrolls
 b - a scroll of fog
 d - a scroll of fear
 g - 2 scrolls of identify {unknown}
 h - a scroll of amnesia {unknown}
Potions
 c - a potion of mutation {unknown}
 e - a potion of haste


   Skills:
 * Level 3.0 Fighting
 * Level 2.0 Long Blades
 * Level 2.0 Dodging
 + Level 6.7 Stealth
 * Level 0.1 Spellcasting


You couldn't memorise any spells.
You didn't know any spells.
Your spell library was empty.

Dungeon Overview and Level Annotations

Branches:
Dungeon (5/15)
 Temple: D:4-7

Altars:

Shops:
D:5 ?


Innate Abilities, Weirdness & Mutations

You cannot wear most types of armour.
You are amphibious.
You can wear up to eight rings at the same time.
Your skin changes colour to match your surroundings (Stealth+).
Your rubbery body absorbs attacks. (AC +1, EV +1)
((You are camouflaged when in or above water. (Stealth+)))
You have tentacles for arms and can constrict up to eight enemies at once.


Message History

You constrict the ufetubus.
You kill the ufetubus!
Found Ululoejo's Magic Scroll Emporium.
You start resting.
HP restored.
Found 8 gold pieces.
Found 2 poisoned darts.
You now have 8 gold pieces.
You see here 2 poisoned darts.
Found 15 gold pieces.
You now have 23 gold pieces (gained 15).
There is an entrance to Ululoejo's Magic Scroll Emporium here.
You can access your shopping list by pressing '$'.
An ice beast comes into view.
You see here 2 poisoned darts.
An adder comes into view.
There is a stone staircase leading down here.
Found a plate armour.
Found a lumpy ruby potion.
Found a pair of boots.
A jelly comes into view.
Found 18 gold pieces.
Found a stone staircase leading down.
Found a scroll labelled WUATOEPHUCO.
An iguana comes into view.
You see here a lumpy ruby potion.
c - a lumpy ruby potion You see here a scroll labelled WUATOEPHUCO.
h - a scroll labelled WUATOEPHUCO You hit the iguana.
Your grab misses the iguana.
The iguana is lightly wounded.
The iguana bites you!
Ouch! That really hurt!
The iguana bites you.
* * * LOW HITPOINT WARNING * * *
You hit the iguana. You grab the iguana.
The iguana is heavily wounded.
You constrict the iguana, but do no damage.
The iguana bites you!
Ouch! That really hurt!
You die...

* *..#,,,,,,,,,,*
#..#,,.......,*
####..#.J........*
.....#*..........*
.##..###........#*
......##........##
......#..........#
.##..............#
.##...#........l@#
.##..............#
###...#..[.......#
* #..###....[..>##
**#..# ##......##
,....#* #.######
##....**#.#
,.....,,#.#***
.....*,,.$.,,**


You could see an iguana.

Vanquished Creatures
  An ufetubus (D:5)
1 creature vanquished.

Notes
Turn   | Place    | Note
-------+----------+-------------------------------------------
     0 | D:5      | Esekla the Octopode Delver began the quest for the Orb.
     0 | D:5      | Reached XP level 1. HP: 16/16 MP: 1/1
    24 | D:5      | Found Ululoejo's Magic Scroll Emporium.
   186 | D:5      | Noticed an ice beast
   238 | D:5      | Noticed a jelly
   242 | D:5      | Noticed an iguana
   253 | D:5      | Mangled by an iguana

Illustrated notes

Levels and vault maps discovered:
D:5:      layout_rooms, nicolae_inconvenience_store, kennysheep_small_circle

Action                     || total
---------------------------++-------
  Melee: Falchion          ||     6
         Constrict         ||     2
    Use: Scroll            ||     1
  Dodge: Dodged            ||     7

Table legend: (Time is in decaauts)
 A = Elapsed time spent in this place.
 B = Non-inter-level travel time spent in this place.
 C = Inter-level travel time spent in this place.
 D = Time resting spent in this place.
 E = Time spent auto-exploring this place.
 F = Levels seen in this place.
 G = Mean time per level.
                   A        B        C        D        E       F      G
               +--------+--------+--------+--------+--------+-----+--------+
         Total |    254 |    254 |      0 |     28 |     54 |   1 |  254.0 |
       Dungeon |    254 |    254 |      0 |     28 |     54 |   1 |  254.0 |
               +--------+--------+--------+--------+--------+-----+--------+

Top non-repeatable levels by time:
     D:5: 254 daAuts
